 Dungeon Crawl Stone Soup version 0.29-a0-322-g68df515428 (webtiles) character file.

Game seed: 6232657801473899458

45 PaleWalker the Caller (level 3, -1/26 HPs)
             Began as a Hill Orc Summoner on Mar 31, 2022.
             Slain by a kobold
             ... wielding a +0 short sword
              (5 damage)
             ... on level 2 of the Dungeon on Apr 5, 2022.
             The game lasted 00:05:51 (1841 turns).

PaleWalker the Caller (Hill Orc Summoner)           Turns: 1841, Time: 00:05:52

Health: -1/26      AC:  6    Str: 12    XL:     3   Next: 64%
Magic:  5/5        EV:  8    Int: 15    God:
Gold:   52         SH:  6    Dex: 11    Spells: 4/5 levels left

rFire   . . .      SeeInvis .   f - +0 mace
rCold   . . .      Faith    .   h - +0 kite shield
rNeg    . . .      Spirit   .   e - +0 ring mail
rPois   .          Reflect  .   (no helmet)
rElec   .          Harm     .   l - +0 cloak
rCorr   .          Rampage  .   (no gloves)
Will    .....                   (no boots)
Stlth   +.........              (no amulet)
HPRegen 0.08/turn               (no ring)
MPRegen 0.09/turn               (no ring)

@: no status effects
A: no striking features
a: no special abilities


You were on level 2 of the Dungeon.
You visited 1 branch of the dungeon, and saw 2 of its levels.

You collected 52 gold pieces.

Inventory:

Hand Weapons
 c - a +0 club
 d - a +0 whip
 f - a +0 mace (weapon)
Armour
 e - a +0 ring mail (worn)
 h - a +0 kite shield (worn)
 l - a +0 cloak (worn)
Scrolls
 g - 2 scrolls of vulnerability {unknown}
 i - a scroll of magic mapping {unknown}
 k - a scroll of identify {unknown}
Potions
 b - a potion of magic
 j - 2 potions of curing {unknown}


   Skills:
 * Level 1.9(2.2) Axes
 - Level 1.1(1.5) Maces & Flails
 - Level 1.5 Dodging
 - Level 1.5 Stealth
 - Level 1.9 Spellcasting
 - Level 4.5 Summonings


You had 4 spell levels left.
You knew the following spells:

 Your Spells              Type           Power      Damage    Failure   Level
a - Summon Small Mammal   Summ           60%        N/A       28%         1

Your spell library contained the following spells:

 Spells                   Type           Power      Damage    Failure   Level
 Call Imp                 Summ           15%        N/A       41%         2
 Call Canine Familiar     Summ           15%        N/A       65%         3
 Summon Guardian Golem    Hex/Summ       8%         N/A       91%         3
 Summon Lightning Spire   Summ/Air       8%         N/A       100%        4


Dungeon Overview and Level Annotations

Branches:
Dungeon (2/15)

Altars:

Shops:
D:1 (


Message History

You barely miss the adder.
The adder is severely wounded.
You block the adder's attack. x2
You barely miss the adder.
The adder is severely wounded.
You block the adder's attack. The adder bites you but does no damage.
You hit the adder.
You kill the adder!
A gnoll comes into view. It is wielding a +0 spear.
The kobold attacks as you move away! The kobold barely misses you.
The gnoll shouts!
You hear a shout! x2
The kobold attacks as you move away! The kobold barely misses you.
The kobold attacks as you move away! You block the kobold's attack.
You closely miss the kobold. You block the kobold's attack.
The kobold closely misses you.
You hit the kobold.
You kill the kobold!
The hobgoblin hits you. You block the gnoll's attack.
A gnoll comes into view. It is wielding a +0 flail of draining.
The gnoll shouts!
You block the hobgoblin's attack. The gnoll closely misses you.
The gnoll moves out of view.
Things that are here:
a +0 whip; a kobold corpse Unknown command.
You barely miss the gnoll.
The hobgoblin hits you but does no damage.
The gnoll barely misses you. The gnoll hits you with a +0 spear.
* * * LOW HITPOINT WARNING * * *
A gnoll comes into view. It is wielding a +0 spear.
The hobgoblin hits you.
* * * LOW HITPOINT WARNING * * *
You hit the gnoll but do no damage. You block the kobold's attack.
The hobgoblin barely misses you. The gnoll misses you.
You closely miss the gnoll.
The hobgoblin hits you but does no damage.
You block the gnoll's attack. The kobold barely misses you.
A gnoll comes into view. It is wielding a +0 whip.
The kobold hits you with a +0 short sword.
You die...

#...#######
###..........##
##.###.###.###.##
##...............##
#..##.###.###.##..#
#.#†........g$#.#
#...##.###.##.g.#
#.#.#.......#.#g##
...#...##.##...#@g#
.#.#.#.#...#.#.#K##
.#...#... ...#.g.#
#.#.#.#...#.#.#.#
..#...##.##...#..
#. .# .....#.#.#
#.##...# ... ..#.#
.# #.##..


You could see 3 gnolls, a hobgoblin and a kobold.

Vanquished Creatures
  An adder (D:2)
  3 bats
  2 endoplasms (D:1)
  A giant cockroach (D:1)
  4 hobgoblins
  A quokka (D:2)
  6 ball pythons
  6 kobolds
  5 rats (D:1)
29 creatures vanquished.

Vanquished Creatures (collateral kills)
  An endoplasm (D:1)
  A hobgoblin (D:1)
  A kobold (D:1)
  A bat (D:1)
  2 rats (D:1)
6 creatures vanquished.

Grand Total: 35 creatures vanquished

Notes
Turn   | Place    | Note
-------+----------+-------------------------------------------
     0 | D:1      | PaleWalker the Hill Orc Summoner began the quest for the
                  | Orb.
     0 | D:1      | Reached XP level 1. HP: 14/14 MP: 3/3
     2 | D:1      | Found Zatiru's Weapon Boutique.
   596 | D:1      | Reached XP level 2. HP: 20/20 MP: 2/4
   988 | D:1      | Upgraded the game from 0.29-a0-284-gf9362112df to
                  | 0.29-a0-322-g68df515428
  1153 | D:1      | Reached XP level 3. HP: 20/26 MP: 5/5
  1289 | D:1      | Reached skill level 1 in Maces & Flails
  1711 | D:2      | Reached skill level 1 in Axes
  1841 | D:2      | Slain by a kobold

Illustrated notes

Levels and vault maps discovered:
D:1:      onia_arrival_handbag, layout_loops_ring, serial_shops, shop_fountains
D:2:      layout_loops_cross, serial_shops, shop,
          nicolae_concentric_dashed_squares_wild

Skill      XL: |  1  2  3 |
---------------+----------+-----
Maces & Flails | 1 |  1.1
Axes           | 1 |  1.9
Dodging        | |  1.5
Stealth        | |  1.5
Spellcasting   | |  1.9
Summonings     | |  4.5

Action                   || total
-------------------------++-------
Melee: Unarmed           ||    21
       Club              ||     5
       Whip              ||    30
       Mace              ||    71
 Cast: Summon Small Mamm ||    11
 Stab: Sleeping          ||     1
Armor: Robe              ||    10
       Ring mail         ||    51
Dodge: Dodged            ||    93
Block: Kite shield       ||    16

Table legend: (Time is in decaauts)
 A = Elapsed time spent in this place.
 B = Non-inter-level travel time spent in this place.
 C = Inter-level travel time spent in this place.
 D = Time resting spent in this place.
 E = Time spent auto-exploring this place.
 F = Levels seen in this place.
 G = Mean time per level.
                   A        B        C        D        E       F      G
               +--------+--------+--------+--------+--------+-----+--------+
         Total |   1876 |   1825 |     51 |    178 |   1245 |   2 |  938.0 |
       Dungeon |   1876 |   1825 |     51 |    178 |   1245 |   2 |  938.0 |
               +--------+--------+--------+--------+--------+-----+--------+

Top non-repeatable levels by time:
     D:1: 1721 daAuts
     D:2: 154 daAuts
